 Dungeon Crawl Stone Soup version 0.30.1-11-g7821555f0a (webtiles) character file.

Game seed: 4787425904530260093

133 KittyFluff the Cudgeller (level 5, -16/33 HPs)
             Began as a Gargoyle Berserker on Oct 30, 2023.
             Was a Believer of Trog.
             Engulfed by a cloud of flame (26 damage)
             ... on level 3 of the Dungeon.
             The game lasted 00:08:00 (1972 turns).

KittyFluff the Cudgeller (Gargoyle Berserker)       Turns: 1972, Time: 00:08:01

Health: -16/33     AC: 11    Str: 23    XL:     5   Next: 16%
Magic:  5/5        EV: 12    Int:  7    God:    Trog [**....]
Gold:   167        SH:  0    Dex: 15    Spells: 4/4 levels left

rFire   . . .        a - +0 mace
rCold   . . .        (no shield)
rNeg    + . .        d - +0 leather armour
rPois   ∞            r - +0 hat
rElec   +            (no cloak)
rCorr   .            (no gloves)
SInv    .            (no boots)
Will    .....        (no amulet)
Stlth   +            i - +6 ring of dexterity
HPRegen 0.25/turn    h - +4 ring of protection
MPRegen 0.09/turn

%: no passive effects
@: studying Unarmed Combat
A: sickness immunity, AC +4, negative energy resistance 1, electricity
resistance, torment resistance 1, petrification resistance
a: Renounce Religion, Berserk, Trog's Hand


You were on level 3 of the Dungeon.
You worshipped Trog.
Trog was pleased with you.
You visited 1 branch of the dungeon, and saw 3 of its levels.

You collected 167 gold pieces.

Inventory:

Hand Weapons
 a - a +0 mace (weapon)
 s - a +0 sling
Missiles
 g - 3 datura-tipped darts (quivered)
Armour
 d - a +0 leather armour (worn)
 o - a +0 robe of cold resistance
 r - a +0 hat (worn)
Jewellery
 h - a +4 ring of protection (right hand)
 i - a +6 ring of dexterity (left hand)
 t - a +6 ring of strength
Scrolls
 e - 2 scrolls of teleportation {unknown}
 f - a scroll of blinking {unknown}
 j - a scroll of noise {unknown}
 k - a scroll of immolation {unknown}
 m - a scroll of magic mapping {unknown}
 n - a scroll of vulnerability {unknown}
 u - a scroll of identify
Potions
 b - a potion of berserk rage
 c - a potion of brilliance
 l - a potion of mutation
 p - 3 potions of curing
 q - a potion of might {unknown}


   Skills:
 + Level 3.9 Fighting
 * Level 4.1 Maces & Flails
 * Level 3.6 Armour
 + Level 2.2 Dodging


You had 4 spell levels left.
You didn't know any spells.
Your spell library was empty.

Dungeon Overview and Level Annotations

Branches:
Dungeon (3/15)

Altars:
Zin


Innate Abilities, Weirdness & Mutations

You are immune to sickness and miasma.
Your stone body is resilient. (AC +4)
You are immune to poison.
You resist negative energy. (rN+)
You are resistant to electric shocks. (rElec)
You are resistant to unholy torment.
You are immune to petrification.


Message History

The iguana is moderately wounded.
The iguana closely misses you.
You sock the iguana!
The iguana is almost dead.
The iguana bites you.
You barely miss the iguana.
The iguana is almost dead.
The iguana bites you.
You hit the iguana.
You kill the iguana!
Trog accepts your kill.
You have reached level 5!
Found 12 gold pieces.
You now have 154 gold pieces (gained 12).
Found 2 potions of curing and a book of the Earth.
Found a ring mail.
Really walk into a travel-excluded area?
Found 13 gold pieces.
You are engulfed in blazing flames.
You are engulfed in blazing flames.
Ouch! That really hurt!
You see here a +0 ring mail.
p - 3 potions of curing (gained 2)
You now have 167 gold pieces (gained 13).
You start resting.
HP restored.
Really walk into a travel-excluded area?
Really walk into a travel-excluded area?
Okay, then.
Really walk into a travel-excluded area?
You see here a +0 ring mail.
Really walk into a travel-excluded area? [Y]es or [N]o only, please.
Really walk into a travel-excluded area?
You are engulfed in blazing flames.
Ouch! That really hurt!
* * * LOW HITPOINT WARNING * * *
You are engulfed in blazing flames.
Ouch! That really hurt!
You die...

..#..........###..#....#...#####.
..#..........###..#.####...##....
..'...#####...#####....#...###.##
..#...# #☼☼§# #....#...###.#
..#...# #○.§# #....+....##.#
###...# #°○§# #...##....##.##
###...#####...#####............#.
#......§§☼.....°☼§..........####.
#........○.....○@§..........#....
#......°☼§...[.§○☼.#........#.###
#.....#####...######......... ###
#.....# #°§§# #....#######..
##....# #☼°§# ##.#######..#..
#....# #°.§# #...# ..#.....
#....#####...#####...##P..#.....
##....................#....#.....
......................#PP..#.....


There were no monsters in sight!

Vanquished Creatures
  An iguana (D:3)
  A gnoll (D:1)
  2 adders
  2 worms (D:2)
  3 dart slugs
  9 bats
  6 endoplasms
  A giant cockroach (D:2)
  11 goblins
  6 hobgoblins
  5 quokkas
  3 ball pythons (D:1)
  4 frilled lizards
  6 kobolds
  3 rats (D:2)
63 creatures vanquished.

Notes
Turn   | Place    | Note
-------+----------+-------------------------------------------
     0 | D:1      | KittyFluff the Gargoyle Berserker began the quest for the
                  | Orb.
     0 | D:1      | Reached XP level 1. HP: 14/14 MP: 1/1
    96 | D:1      | Reached XP level 2. HP: 12/19 MP: 2/2
   508 | D:1      | Reached XP level 3. HP: 23/23 MP: 3/3
   609 | D:1      | Reached ** piety under Trog
   918 | D:2      | Reached XP level 4. HP: 28/28 MP: 4/4
  1231 | D:2      | Found a glowing silver altar of Zin.
  1305 | D:2      | Found a faded altar of an unknown god.
  1730 | D:3      | Reached skill level 4 in Maces & Flails
  1789 | D:3      | Reached XP level 5. HP: 27/33 MP: 5/5
  1972 | D:3      | Engulfed by a cloud of flame

Illustrated notes

Levels and vault maps discovered:
D:1:      eino_arrival_tree_alley, layout_loops_cross
D:2:      layout_rooms, shapermc_ecumenical_altar_ellora, basic_altar
D:3:      layout_basic, serial_aquarium, aquarium_bridge_square
          [aquarium_subvault_wall, aquarium_subvault_bridge,
          aquarium_subvault_window, aquarium_subvault_window],
          aquarium_window_fake, aquarium_window_corner, aquarium_view_2d,
          aquarium_view_2c, serial_bayou_ford_a, lemuel_flame_loot_1

Skill      XL: |  1  2  3  4 |
---------------+-------------+-----
Armour         | 3 |  3.6
Dodging        | 2 |  2.2
Maces & Flails | 4 |  4.1
Fighting       | |  3.9

Action                     |  1- 3 |  4- 6 || total
---------------------------+-------+-------++-------
  Melee: Mace              |   112 |    91 ||   203
 Invoke: Berserk           |       |     1 ||     1
    Use: Scroll            |       |     4 ||     4
   Stab: Sleeping          |     3 |       ||     3
 Armour: Animal skin       |    18 |       ||    18
         Leather armour    |    37 |    44 ||    81
  Dodge: Dodged            |    69 |    73 ||   142
